 Dungeon Crawl Stone Soup version 0.28.0-47-ge53b351184 (webtiles) character file.

Game seed: 10164022906481372811

6666 pkoi the Ducker (level 10, -4/83 HPs)
             Began as a Demigod Gladiator on May 4, 2022.
             Slain by Harold
             ... wielding a +0 trident
              (23 damage)
             ... on level 9 of the Dungeon.
             The game lasted 00:16:11 (13005 turns).

pkoi the Ducker (Demigod Gladiator)                Turns: 13005, Time: 00:16:12

Health: -4/83      AC:  4    Str: 21    XL:     10   Next: 45%
Magic:  19/19      EV: 16    Int: 31    God:
Gold:   663        SH: 10    Dex: 26    Spells: 9/17 levels left

rFire   + . .      SeeInvis .   j - +7 dagger "Oplyshes" {vorpal, *Slow rF+ Int+3 Dex+5}
rCold   . . .      Faith    .   m - +3 buckler {reflect}
rNeg    . . .      Spirit   .   r - +0 leather armour of the Swamp {Drain Int+6 Dex+6}
rPois   .          Reflect  +   b - +0 helmet
rElec   .          Harm     .   p - scarf {repulsion}
rCorr   +          Rampage  .   (no gloves)
Will    +....                   (no boots)
Stlth   +++.......              (no amulet)
HPRegen 0.23/turn               h - +6 ring of strength
MPRegen 0.16/turn               l - ring of resist corrosion

@: marked, repel missiles
A: high MP 1, forlorn, divine attributes
a: no special abilities


You were on level 9 of the Dungeon.
You visited 1 branch of the dungeon, and saw 9 of its levels.

You collected 789 gold pieces.
You spent 126 gold pieces at shops.

Inventory:

Hand Weapons
 d - a +2 dagger of speed
 g - a +0 short sword of venom
 j - the +7 dagger "Oplyshes" (weapon) {vorpal, *Slow rF+ Int+3 Dex+5}
   (You found it on level 2 of the Dungeon)

   It inflicts extra damage upon your enemies.
   Int:       It affects your intelligence (+3).
   Dex:       It affects your dexterity (+5).
   rF:        It protects you from fire.
   *Slow:     It may slow you when you take damage.
 n - a +3 short sword of freezing
 o - the +4 fustibalus "Weuxzett" {flame, rElec rF- Int+4}
   (You found it on level 7 of the Dungeon)

   Any ammunition fired from it burns those it strikes, dealing additional fire
   damage.
   Int:       It affects your intelligence (+4).
   rF:        It makes you vulnerable to fire.
   rElec:     It insulates you from electricity.
Missiles
 c - 4 throwing nets (quivered)
 q - 88 sling bullets
 y - a curare-tipped dart
Armour
 b - a +0 helmet (worn)
 m - a +3 buckler of reflection (worn)
 p - a scarf of repulsion (worn)
 r - the +0 leather armour of the Swamp (worn) {Drain Int+6 Dex+6}
   (You found it on level 4 of the Dungeon)

   Int:       It affects your intelligence (+6).
   Dex:       It affects your dexterity (+6).
   Drain:     It drains your maximum health when unequipped.
 t - the +0 robe of Siazecle {rElec Will+++ Str+5}
   (You found it on level 5 of the Dungeon)

   Str:       It affects your strength (+5).
   rElec:     It insulates you from electricity.
   Will:      It greatly increases your willpower.
 w - a +0 cloak of stealth
Jewellery
 h - a +6 ring of strength (left hand)
 l - a ring of resist corrosion (right hand)
 u - a ring of see invisible
Wands
 s - a wand of acid (17)
 v - a wand of digging (4)
 x - a wand of charming (3)
 A - a wand of mindburst (6)
 C - a wand of flame (8)
Scrolls
 f - 3 scrolls of blinking
 i - 6 scrolls of identify
 k - 7 scrolls of teleportation
 z - a scroll of silence {unknown}
 B - a scroll of fear
Potions
 a - 2 potions of curing
 e - 2 potions of haste
 D - a potion of might


   Skills:
 + Level 5.6 Fighting
 + Level 5.0 Short Blades
 - Level 1.7 Throwing
 + Level 5.1 Armour
 + Level 5.7 Dodging
 - Level 3.0 Stealth
 + Level 5.0 Shields
 - Level 3.8 Unarmed Combat
 - Level 4.0 Spellcasting
 + Level 4.6 Conjurations
 + Level 4.3 Hexes
 + Level 2.1 Translocations
 + Level 0.6 Evocations


You had 9 spell levels left.
You knew the following spells:

 Your Spells              Type           Power      Damage    Failure   Level
a - Fulminant Prism       Conj/Hex       16%        3d11      14%         4
b - Iskenderun's Mystic   Conj/Tloc      27%        2d7       22%         4

Your spell library contained the following spells:

 Spells                   Type           Power      Damage    Failure   Level
 Blink                    Tloc           38%        N/A       5%          2
 Manifold Assault         Tloc           19%        N/A       71%         5
 Lee's Rapid Deconstruct  Erth           3%         3d6*      94%         5
 Storm Form               Tmut/Air       3%         N/A       100%        7


Dungeon Overview and Level Annotations

Branches:
Dungeon (9/15)             Temple (0/1) D:5
   Lair: D:8-11         Orc: D:9-12

Shops:
D:5 =:(*

Annotations:
D:5 2 transporters, issech's ghost, novice TrFi
D:8 3 runed translucent doors, Vizrt's ghost, novice DjIE
D:9 Harold


Innate Abilities, Weirdness & Mutations

You have an increased reservoir of magic. (+10% MP)
You shall have no god before yourself.
Your divine heritage dramatically boosts your attributes as you level up.


Message History

You hit Harold but do no damage.
Harold is lightly wounded.
You block Harold's attack.
You barely miss Harold.
Harold is lightly wounded.
Harold hits you with a +0 trident.
Your +0 short sword of venom begins to drip with poison!
g - a +0 short sword of venom (weapon)
You hit Harold but do no damage.
Harold is poisoned.
Harold is lightly wounded.
You block Harold's attack.
You hit Harold but do no damage.
Harold looks as sick as possible!
Harold is lightly wounded.
Harold misses you.
You hit Harold.
Harold looks as sick as possible!
Harold is lightly wounded.
Harold hits you with a +0 trident!
* * * LOW HITPOINT WARNING * * *
You barely miss Harold.
Harold is lightly wounded.
Harold barely misses you.
Your +0 short sword of venom stops dripping with poison.
You feel clever.
You feel agile.
j - the +7 dagger "Oplyshes" (weapon)
{vorpal, *Slow rF+ Int+3 Dex+5} You hit Harold.
Harold is moderately wounded.
Harold hits you with a +0 trident!
* * * LOW HITPOINT WARNING * * *
You hit Harold.
Harold is moderately wounded.
Harold hits you with a +0 trident!
* * * LOW HITPOINT WARNING * * *
You hit Harold.
Harold is heavily wounded.
Harold hits you with a +0 trident!
* * * LOW HITPOINT WARNING * * *
You barely miss Harold.
Harold is heavily wounded.
Harold hits you from afar with a +0 trident!!
You die...

### #(. .. @. #.. .. .. ###. #.#
. .##.. #..## #.#.##@## #..#
#.......# ###########
######.####...##@####.........#
........).............#######.#
....##)####.########......###.###
######..###.##....(..............
......)...[....##########.##.....
#########.#)[### #.##..... #
#.)#.## ##.####### ##### ##....#
#..# ....# ###..## #.##


You could see Harold (very poisoned).

Vanquished Creatures
  Pikel (D:7)
  Maurice (D:9)
  4 gargoyles (D:8)
  Prince Ribbit (D:6)
  Edmund (D:5)
  Menkaure (D:4)
  An acid dragon (D:8)
  2 water moccasins
  3 black bears
  An orc warrior (D:7)
  An ice beast (D:7)
  A sky beast (D:6)
  2 ogres
  7 necrophages
  2 centaurs
  A lemure (D:6)
  2 phantoms
  7 bullfrogs
  A gnoll sergeant (D:6)
  A kobold brigand (D:8)
  A wyvern zombie (D:7)
  3 scorpions
  13 wights
  2 jellies
  2 centaur zombies (D:7)
  5 bullfrog zombies
  A hound (D:7)
  A centaur skeleton (D:6)
  3 orc priests (D:8)
  Crazy Yiuf (D:7)
  A human zombie (D:7)
  5 iguanas
  A bullfrog skeleton (D:4)
  5 orc wizards
  A killer bee zombie (D:6)
  A mummy (D:7)
  A howler monkey skeleton (D:4)
  9 gnolls
  3 adders
  2 ufetubi
  3 adder skeletons (D:4)
  A worm (D:4)
  4 dart slugs
  15 orcs
  8 ball pythons
  9 endoplasms
  3 giant cockroaches
  2 goblins
  8 hobgoblins
  2 jackals (D:1)
  12 kobolds
  A quokka (D:3)
  9 bats
  3 frilled lizards (D:1)
  4 rats
186 creatures vanquished.

Notes
Turn   | Place    | Note
-------+----------+-------------------------------------------
     0 | D:1      | pkoi the Demigod Gladiator began the quest for the Orb.
     0 | D:1      | Reached XP level 1. HP: 17/17 MP: 3/3
   176 | D:1      | Reached XP level 2. HP: 18/24 MP: 4/4
  1073 | D:2      | Identified the +7 dagger "Oplyshes" {vorpal, *Slow rF+
                  | Int+3 Dex+5}
  1092 | D:2      | Reached XP level 3. HP: 29/29 MP: 5/5
  3027 | D:4      | Reached XP level 4. HP: 36/36 MP: 7/7
  3148 | D:4      | Identified the +0 leather armour of the Swamp {Drain Int+6
                  | Dex+6}
  3195 | D:4      | Reached skill level 1 in Armour
  3199 | D:4      | Reached skill level 1 in Short Blades
  3581 | D:4      | Reached skill level 1 in Shields
  3581 | D:4      | Reached skill level 1 in Spellcasting
  3581 | D:4      | Reached XP level 5. HP: 42/42 MP: 7/9
  3586 | D:4      | Learned a level 4 spell: Fulminant Prism
  3613 | D:4      | Noticed a necrophage
  3631 | D:4      | Killed a necrophage
  3764 | D:4      | Noticed an ogre
  4111 | D:4      | Noticed Menkaure
  4123 | D:4      | Killed Menkaure
  4124 | D:4      | Reached skill level 1 in Conjurations
  4124 | D:4      | Reached XP level 6. HP: 20/50 MP: 9/11
  4415 | D:4      | Reached skill level 1 in Hexes
  4723 | D:4      | Reached XP level 7. HP: 51/57 MP: 13/13
  5014 | D:5      | Entered Level 5 of the Dungeon
  5026 | D:5      | Identified the +0 robe of Siazecle {rElec Will+++ Str+5}
  5256 | D:5      | Reached XP level 8. HP: 51/64 MP: 15/15
  5381 | D:5      | Found a transporter.
  5385 | D:5      | Found a staircase to the Ecumenical Temple.
  5442 | D:5      | Found Touzyok's Book Boutique.
  5443 | D:5      | Found a transporter.
  5443 | D:5      | Noticed issech's ghost (novice TrFi)
  5486 | D:5      | Noticed Edmund
  5487 | D:5      | Found Eboimm's Jewellery Emporium.
  5498 | D:5      | Killed Edmund
  5658 | D:5      | Found Axefaas's Weapon Shop.
  5668 | D:5      | Found Boech's General Store.
  5678 | D:5      | Bought a potion of curing for 36 gold pieces
  5678 | D:5      | Bought a scroll of blinking for 90 gold pieces
  6098 | D:6      | Reached skill level 1 in Stealth
  6721 | D:6      | Noticed Prince Ribbit
  6754 | D:6      | Killed Prince Ribbit
  7705 | D:7      | Reached XP level 9. HP: 49/71 MP: 17/17
  7985 | D:7      | Identified the +4 fustibalus "Weuxzett" {flame, rElec rF-
                  | Int+4}
  8350 | D:7      | Noticed Pikel
  8953 | D:7      | Killed Pikel
  8954 | D:7      | Reached skill level 5 in Dodging
  9305 | D:7      | Learned a level 4 spell: Iskenderun's Mystic Blast
  9673 | D:7      | Reached skill level 5 in Fighting
  9819 | D:7      | Found a runed translucent door.
  9820 | D:7      | Noticed Crazy Yiuf
  9968 | D:7      | Killed Crazy Yiuf
 10557 | D:8      | Reached XP level 10. HP: 47/81 MP: 19/19
 10980 | D:8      | Reached skill level 1 in Translocations
 12061 | D:8      | Reached skill level 5 in Armour
 12584 | D:8      | Found a runed translucent gate.
 12584 | D:8      | Found a runed translucent gate.
 12584 | D:8      | Noticed Vizrt's ghost (novice DjIE)
 12585 | D:8      | Found a runed translucent gate.
 12586 | D:8      | Noticed a nine-headed hydra
 12705 | D:9      | Reached skill level 5 in Short Blades
 12760 | D:9      | Noticed Maurice
 12762 | D:9      | Killed Maurice
 12763 | D:9      | Reached skill level 5 in Shields
 12986 | D:9      | Noticed Harold
 13005 | D:9      | Slain by Harold

Illustrated notes

Levels and vault maps discovered:
D:1:      minmay_arrival_arboretum_small, layout_basic,
          shapermc_ecumenical_altar_starsandcircs
D:2:      layout_loops_ring, kennysheep_nub
D:3:      layout_loops_cross, nicolae_ru_path_of_blood,
          mainiacjoe_overflow_catwalk, minmay_fractal_squares_gapless_5
D:4:      minmay_polygon_palace, layout_basic, minitemple, uniq_menkaure
D:5:      layout_gridville, lemuel_crystal_altar, mainiacjoe_overflow_paths,
          okawaru_metal_pillars_1_2, minmay_temple_entry_ruins,
          gammafunk_ghost_arena, serial_shops, shop, nicolae_lakefront_shop,
          shop, shop, hangedman_decor_peaks_small, uniq_edmund
D:6:      layout_loops_corners, nicolae_ashenzari_skybound,
          mrwooster_statue_mirror, serial_park_tiny_1, kennysheep_crisscross,
          uniq_prince_ribbit1
D:7:      layout_rooms, lemuel_mausoleum_altar_yredelemnul,
          pdpol_wu_jian_five_deadly_venoms, uniq_pikel, uniq_crazy_yiuf_cottage
D:8:      cheibrodos_statue_roulette, layout_basic, serial_aquarium,
          aquarium_bridge_square [aquarium_subvault_bridge,
          aquarium_subvault_bridge, aquarium_subvault_window,
          aquarium_subvault_bridge], aquarium_window_corridor_2,
          aquarium_window_2, aquarium_view_2d, aquarium_pool_1,
          gammafunk_ghost_hydra_chop, palyth_stone_intersect
D:9:      layout_rooms, gammafunk_temple_overflow_wave, uniq_harold,
          uniq_maurice

Skill      XL: |  1  2  3  4  5  6  7  8  9 10 |
---------------+-------------------------------+-----
Unarmed Combat | 3 |  3.8
Fighting       | 2 3 4 5 |  5.6
Armour         | 1 2 3 4 5 |  5.1
Short Blades   | 1 2 3 4 5 |  5.0
Shields        | 1 2 3 4 5 |  5.0
Spellcasting   | 1 2 3 4 |  4.0
Dodging        | 3 4 5 |  5.7
Conjurations   | 1 2 3 4 |  4.6
Hexes          | 1 2 3 4 |  4.3
Stealth        | 2 3 |  3.0
Translocations | 2 |  2.1
Throwing       | |  1.7
Evocations     | |  0.6

Action                   |  1- 3 |  4- 6 |  7- 9 | 10-12 || total
-------------------------+-------+-------+-------+-------++-------
Melee: Dagger            |   145 |    74 |   326 |   126 ||   671
       Unarmed           |     6 |       |       |       ||     6
       Punch             |     3 |       |       |       ||     3
       Short sword       |       |       |    28 |     4 ||    32
 Fire: Fustibalus        |       |       |    10 |     4 ||    14
  Use: Scroll            |     7 |     2 |     4 |       ||    13
       Potion            |     1 |       |       |     2 ||     3
 Stab: Sleeping          |     1 |     3 |    12 |     2 ||    18
       Distracted        |       |       |     1 |       ||     1
       Invisible         |       |       |       |     2 ||     2
Armor: Leather armour    |    53 |     7 |    40 |    15 ||   115
       Chain mail        |    11 |     1 |       |       ||    12
Dodge: Dodged            |    74 |    29 |   165 |    49 ||   317
       Repelled          |       |     2 |       |     3 ||     5
Block: Buckler           |    17 |    20 |   123 |    42 ||   202
       Reflection        |       |     1 |     2 |     4 ||     7
